Unix NetHack Version 5.0.0-0 post-release - last build Jul 19 2026 19:10:59 (3aa4ab31751d3886436d94b585a96704892fd477,branch:main).

Game began 2026-07-23 10:07:58, ended 2026-07-23 17:13:02.

Anarchos, lawful female dwarven Valkyrie

                      ########################################### *   -...-...
  ---------           #--------------------------------- `      ######-.......
  |.......|           #|................................#  ###   ###  |......|
  |.......|           #|..-----..--|----.-----....----.|#  ###########-..).)..
  |<.(....|           #|..|(((|..|..|..|.-.([|.---|.....#######     # ....*-|-
  |........############|..|.!!|..|..|..-.|.[.|.|..|...[.# #``##   #   ` #####
  --------- #          |..|$..|.--------.|...|.|((||-...# ###   ##*    ####
            ####       |..-|---.|...|....|...|.|$.|.....######  ####  ##`#
               ##     #-........|...-....|----.-|--..{.|#**######    *#`##
                #?    #|.-----..-----.--+|..|...........#*#***#*..----...--
                 ##   #|.|%..|........|  |..-..--|-.....###**##*.)....*...|
                  #####|.|%%$-....--|-|  |----.|..|+....#######*|.........|#`
                   # @ |.-----.---|($.|--|...|.|..|.....#  #(##`|.........|*#*
                 ### ##........|  |..(|..|..$|.---......# *#(#*#...........*#
                 #     |.......+  |.(.|..|([.-....|....|##  ####...........*#
       (               |.{.....--------|------....----.|#    ## .---.......##*
                       |...............................|#    ***#*    *#``###[
                       ---------------------------------#              ### ###

Anarchos the Fighter        St:14 Dx:16 Co:20 In:10 Wi:8 Ch:9  Lawful
Dlvl:7  $:61 HP:0(77) Pw:14(14) AC:3  Xp:6 T:3424  Blind

Latest messages:
 You see here a cursed looking glass.
 What do you want to drink? [pzT or ?*] z
 You detect the presence of objects.
 (For instructions type a '?')
 Done.
 What do you want to drink? [pT or ?*] ?
 You feel better.
 Where do you want to travel to?
 (For instructions type a '?')
 You hit the yellow light!
 The yellow light explodes!
 You are blinded by a blast of light!
 Wait!  There's something there you can't see!
 Wait!  There's something there you can't see!
 You hit it.
 Your dwarvish spear is protected by the layer of grease!
 Wait!  There's something there you can't see!
 You hit it.
 You are splashed!
 You hit it.
 You are splashed!
 You kill it!
 You are splashed!
 You try to feel what is lying here on the ground.
 You feel no objects here.
 You feel an unseen monster!
 You feel an unseen monster!
 You feel an unseen monster!
 You feel an unseen monster!
 You feel an unseen monster!
 You feel an unseen monster!
 You feel an unseen monster!
 You feel an unseen monster!
 You feel an unseen monster!
 You feel an unseen monster!
 You feel an unseen monster!
 It bites!
 It bites!
 It bites!
 You feel an unseen monster!
 It bites!
 You hear some noises.
 It bites!
 You feel an unseen monster!
 It misses!
 You feel an unseen monster!
 It bites!
 It bites!
 You die...
 Do you want your possessions identified? [ynq] (y) q

Inventory:
 Coins    ('$')
  $ - 61 gold pieces
 Amulets  ('"')
  R - an uncursed amulet versus poison
 Weapons  (')')
  S - 15 poisoned +0 orcish arrows
  r - a +0 ya
  m - 17 +0 darts
  b - a blessed greased +0 dagger (at the ready)
  a - a greased +1 dwarvish spear (weapon in right hand)
  s - a +0 orcish dagger
  V - a +0 orcish short sword
 Armor    ('[')
  U - an uncursed greased +0 orcish helm (being worn)
  Q - an uncursed +0 orcish helm
  j - an uncursed greased +0 pair of iron shoes (being worn)
  q - an uncursed greased +0 pair of jumping boots
  c - a blessed greased +3 small shield (being worn)
  h - an uncursed +0 dwarvish cloak (being worn)
  n - a cursed +0 mummy wrapping
 Comestibles  ('%')
  d - 2 uncursed food rations
 Scrolls  ('?')
  w - an uncursed scroll of blank paper
  l - a cursed scroll of confuse monster
  F - a cursed scroll of enchant armor
  D - an uncursed scroll of enchant weapon
  k - 2 uncursed scrolls of identify
  y - an uncursed scroll of remove curse
 Spellbooks  ('+')
  g - an uncursed spellbook of create monster
  u - an uncursed spellbook of detect monsters
 Potions  ('!')
  p - an uncursed potion of water
 Rings    ('=')
  o - an uncursed +2 ring of increase damage
  x - an uncursed ring of see invisible (on left hand)
  t - an uncursed ring of slow digestion (on right hand)
 Wands    ('/')
  e - a wand of create monster (0:11)
  C - a wand of stasis (0:4)
  B - a wand of teleportation (0:7)
 Tools    ('(')
  O - a can of grease (0:2)
  E - an uncursed oil lamp
  A - an uncursed pair of lenses (being worn)
  H - 2 uncursed tallow candles
  G - an uncursed tin opener
  f - an uncursed tin whistle
 Gems/Stones  ('*')
  P - an uncursed amethyst stone
  I - an uncursed citrine stone
  i - an uncursed fluorite stone
  L - 2 uncursed jacinth stones
  v - an uncursed worthless piece of green glass
  K - an uncursed worthless piece of orange glass
  M - an uncursed worthless piece of red glass
  N - 2 uncursed worthless pieces of violet glass
  J - 2 uncursed worthless pieces of yellow glass

Anarchos the Valkyrie's attributes:

Background:
 You were a Fighter, a level 6 dwarven Valkyrie.
 You were lawful, on a mission for Tyr
 who was opposed by Odin (neutral) and Loki (chaotic).
 You were right-handed.
 You were in the Gnomish Mines, on level 7.
 You entered the dungeon 3424 turns ago.
 You had 360 experience points, 280 more were needed to attain level 7.

Basics:
 You had 0 out of 77 hit points.
 You had all 14 energy points (spell power).
 Your armor class was 3.
 Your wallet contained 61 zorkmids.
 Autopickup was on for all types.

Final Characteristics:
 Your strength was 14 (limit:18/100).
 Your dexterity was 16 (limit:20).
 Your constitution was 20 (limit:20).
 Your intelligence was 10 (limit:16).
 Your wisdom was 8 (limit:16).
 Your charisma was 9 (limit:16).

Final Status:
 You were temporarily blind.
 You weren't hungry.
 You were unencumbered.
 You were wielding a spear.
 You were skilled in spear.

Final Attributes:
 You were piously aligned.
 Your items were somewhat protected from fire.
 You were cold resistant.
 Your items were somewhat protected from cold.
 You would have seen invisible when not blind.
 You had infravision.
 You were stealthy.
 You had slower digestion.
 You were warded.
 You are dead.

Miscellaneous:
 You didn't encounter any bones levels.
 Total elapsed playing time was 1 hour, 28 minutes and 35 seconds.

Major events:
 Turn
    1: Anarchos the lawful dwarven Valkyrie entered the dungeon
 1166: entered the Gnomish Mines
 1284: attained the rank of Skirmisher (level 3)
 2267: reached Mine Town
 3206: attained the rank of Fighter (level 6)
 3424: killed by an iguana

You didn't know any spells.

Skills:
 Fighting Skills
   bare handed combat [Unskilled]
   two weapon combat  [Unskilled]
   riding             [Unskilled]
 Weapon Skills
   dagger             [Basic]
   axe                [Unskilled]
   pick-axe           [Unskilled]
   short sword        [Unskilled]
   broadsword         [Unskilled]
   long sword         [Unskilled]
   two-handed sword   [Unskilled]
   saber              [Unskilled]
   hammer             [Unskilled]
   quarterstaff       [Unskilled]
   polearms           [Unskilled]
   spear              [Skilled]
   trident            [Unskilled]
   lance              [Unskilled]
   sling              [Unskilled]
 Spellcasting Skills
   attack spells      [Unskilled]
   escape spells      [Unskilled]

Voluntary challenges:
 Character rerolling was not enabled.
 You were illiterate.
 You never genocided any monsters.
 You never polymorphed an object.
 You never changed form.
 You used no wishes.
Achievements:
 You entered a shop.
 You entered the Gnomish Mines.
 You attained the rank of Skirmisher.
 You entered Minetown.
 You entered a temple.
 You attained the rank of Fighter.

 The Dungeons of Doom: levels 1 to 4
    Level 1:
       A fountain, a grave.
    Level 2:
       A general store.
    Level 3:
       A fountain.
    Level 4:
       Stairs down to The Gnomish Mines.
 The Gnomish Mines: levels 5 to 7
    Level 5:
    Level 6:
    Level 7: <- You were here.
       Many shops, a temple and an altar, some fountains.
       Final resting place for
          you, killed by an iguana.


Vanquished creatures:
  a small mimic
  a spotted jelly
  a dingo
 an ape
  a mountain nymph
  4 Uruk-hai
  a rock piercer
  a pony
  a yellow light
  a gnomish wizard
  2 kobold mummies
  a gray ooze
  a floating eye
  3 dwarves
  3 homunculi
  a kobold shaman
  2 rothes
  a giant bat
  2 dwarf zombies
  a hobbit
  2 giant rats
  a brown mold
  a yellow mold
  a red mold
 13 gnomes
  a garter snake
  5 jackals
  2 foxes
  a kobold
  a goblin
  a sewer rat
  6 grid bugs
  5 newts
70 creatures vanquished.

No species were genocided or became extinct.

Game over:
                       ----------
                      /          \
                     /    REST    \
                    /      IN      \
                   /     PEACE      \
                  /                  \
                  |     Anarchos     |
                  |      61 Au       |
                  |   killed by an   |
                  |      iguana      |
                  |                  |
                  |                  |
                  |       2026       |
                 *|     *  *  *      | *
        _________)/\\_//(\/(/\)/\//\/|_)_______

Farvel Anarchos the Valkyrie...

You died in The Gnomish Mines on dungeon level 7 with 1835 points,
and 61 pieces of gold, after 3424 moves.
You were level 6 with a maximum of 77 hit points when you died.

